 Dungeon Sprint DCSS version 0.31-a0-963-ga325b2283a (webtiles) character file.

Game seed: 7929867340691541830

51 sircluck the Ruffian (level 3, 0/34 (39) HPs)
             Began as a Troll Berserker on Oct 25, 2023.
             Was a Follower of Trog.
             Slain by a wight
             ... wielding a +3 short sword of freezing
              (3 damage)
             ... in the Dungeon (Sprint VII: "The Pits").
             The game lasted 00:00:17 (188 turns).

sircluck the Ruffian (Troll Berserker)               Turns: 188, Time: 00:00:18

HP:   0/34 (39)     AC:  4    Str: 27    XL:     3   Next: 58%
MP:   2/2           EV: 10    Int:  3    God:    Trog [*.....]
Gold: 0             SH:  0    Dex:  9    Spells: 2/2 levels left

rFire   . .          .
                       - Unarmed
rCold   . . .        (no shield)
rNeg    . . .        a - +0 animal skin
rPois   .            (helmet restricted)
rElec   .            (no cloak)
rCorr   .            (gloves unavailable)
SInv    .            (boots unavailable)
Will    .....        (no amulet)
Stlth   +            (no ring)
HPRegen 1.05/turn    (no ring)
MPRegen 0.08/turn

%: no teleportation
@: heavily drained
A: large, unfitting armour, claws 3, regeneration 1, shaggy fur 1, tough skin 1
a: Renounce Religion, Berserk


You were in the Dungeon.
You worshipped Trog.
Trog was aware of your devotion.
You visited 1 branch

Inventory:

Armour
 a - a +0 animal skin (worn)
Scrolls
 g - a scroll of blinking
Potions
 b - a potion of curing
 c - a potion of heal wounds
 d - a potion of haste
 e - 2 potions of magic
 f - a potion of berserk rage


   Skills:
 + Level 4.2 Fighting
 + Level 4.1 Dodging
 + Level 5.0 Unarmed Combat


You had 2 spell levels left.
You didn't know any spells.
Your spell library was empty.

Dungeon Overview and Level Annotations

Branches:
Dungeon (1/1)

Altars:


Innate Abilities, Weirdness & Mutations

You are too large for most types of armour.
You have claws for hands.
Your natural rate of healing is unusually fast.
You are covered in fur. (AC +1)
You have tough skin. (AC +1)


Message History

Things that are here:
a +3 falchion; a +0 robe
There is a huge broken gate to the Metal Vault (Medium) here.
There is a huge broken gate to the Metal Vault (Medium) here.
A wight comes into view.
It is wielding a +3 short sword of freezing.
There is a huge broken gate to the Metal Vault (Medium) here.
There is a huge broken gate to the Metal Vault (Medium) here.
You closely miss the wight.
The wight hits you with a +3 short sword of freezing!
You feel drained. The wight freezes you.
You completely miss the wight. You barely miss the wight.
You claw the wight, but do no damage.
The wight hits you with a +3 short sword of freezing.
You feel drained. The wight freezes you.
You closely miss the wight. You claw the wight!
The wight is severely damaged.
The wight hits you with a +3 short sword of freezing.
The wight freezes you.
You closely miss the wight.
The wight is severely damaged.
The wight hits you but does no damage.
You barely miss the wight.
The wight is severely damaged.
The wight barely misses you.
You barely miss the wight.
The wight is severely damaged.
The wight closely misses you.
You scratch the wight but do no damage.
The wight is severely damaged.
The wight hits you with a +3 short sword of freezing!
You feel drained.
* * * LOW HITPOINT WARNING * * *
The wight freezes you.
* * * LOW HITPOINT WARNING * * *
You scratch the wight.
The wight is almost destroyed.
The wight hits you with a +3 short sword of freezing.
* * * LOW HITPOINT WARNING * * *
The wight freezes you.
You die...

##########++######
#................#
#......#..#@.....#
#..........z.....+
+................+
#......#..#......#
#..).............#
####'#####''######
#.......##''#
#.......##..#
#.......##..#


You could see a wight.

Vanquished Creatures
  A wight (D)
1 creature vanquished.

Notes
Turn   | Place    | Note
-------+----------+-------------------------------------------
     0 | D        | sircluck the Troll Berserker began the quest for the Orb.
     0 | D        | Reached XP level 1. HP: 22/22 MP: 0/0
    12 | D        | Noticed a wight
    28 | D        | Killed a wight
    29 | D        | Reached skill level 5 in Unarmed Combat
    29 | D        | Reached XP level 2. HP: 32/32 MP: 1/1
    29 | D        | Reached XP level 3. HP: 39/39 MP: 2/2
   168 | D        | Noticed a wight
   188 | D        | Slain by a wight

Illustrated notes

Levels and vault maps discovered:
D:        pitsprint [storerooms_1, entrance_room_1, metal_vault_3, armoury_1,
          mini_pit_1, grid_room_1, main_hall_1, silver_pit, the_coven_3,
          the_vestibule_1, steel_vault_5, golden_pit, hallway_of_sentries,
          crystal_vault_4, iron_vault_4, final_vault]

Skill      XL: |  1 |
---------------+----+-----
Fighting       | 4 |  4.2
Dodging        | 4 |  4.1
Unarmed Combat | 5 |  5.0

Action                     || total
---------------------------++-------
  Melee: Unarmed           ||    10
         Punch             ||     2
 Invoke: Berserk           ||     1
 Armour: Animal skin       ||     6
  Dodge: Dodged            ||     2

Table legend: (Time is in decaauts)
 A = Elapsed time spent in this place.
 B = Non-inter-level travel time spent in this place.
 C = Inter-level travel time spent in this place.
 D = Time resting spent in this place.
 E = Time spent auto-exploring this place.
 F = Levels seen in this place.
 G = Mean time per level.
                   A        B        C        D        E       F      G
               +--------+--------+--------+--------+--------+-----+--------+
         Total |    194 |    194 |      0 |    136 |     12 |   1 |  194.0 |
       Dungeon |    194 |    194 |      0 |    136 |     12 |   1 |  194.0 |
               +--------+--------+--------+--------+--------+-----+--------+

Top non-repeatable levels by time:
       D: 194 daAuts
